 Dungeon Sprint DCSS version 0.28.0-45-g0d030f2227 (webtiles) character file.

Game seed: 13932036502599025982

7600 ConnorV the Executioner (level 10, -6/111 HPs)
             Began as a Minotaur Berserker on Apr 12, 2022.
             Was the Champion of Trog.
             Killed from afar by an efreet (16 damage)
             ... with a bolt of fire
             ... in the Dungeon (Sprint V: "Ziggurat Sprint") on Apr 13, 2022.
             The game lasted 00:10:32 (1234 turns).

ConnorV the Executioner (Minotaur Berserker)        Turns: 1234, Time: 00:10:32

Health: -6/111     AC: 26    Str: 39    XL:     10   Next: 97%
Magic:  9/9        EV: 11    Int:  4    God:    Trog [******]
Gold:   0          SH:  0    Dex:  9    Spells: 9/9 levels left

rFire   . . .      SeeInvis +   q - +14 obsidian axe {vorpal, Mesm Drain Fly SInv}
rCold   . . .      Faith    .   (no shield)
rNeg    . . .      Spirit   .   r - +15 Maxwell's patent armour {-Cast -Tele rElec Will+ rCorr}
rPois   .          Reflect  .   (helmet restricted)
rElec   +          Harm     .   (no cloak)
rCorr   +          Rampage  .   (no gloves)
Will    +++..      NoTele   +   (no boots)
Stlth   .......... NoCast   +   (no amulet)
HPRegen 1.28/turn               x - +6 ring of strength
MPRegen 0.11/turn               y - +6 ring of strength

@: strong-willed, flying, mesmerised, regenerating
A: horns 2, retaliatory headbutt, deformed body
a: Renounce Religion, Berserk, Trog's Hand, Brothers in Arms


You were in the Dungeon.
You worshipped Trog.
Trog was exalted by your worship.
You visited 1 branch

Inventory:

Hand Weapons
 a - a +0 hand axe
 q - the +14 obsidian axe (weapon) {vorpal, Mesm Drain Fly SInv}
   (You found it in the Dungeon)

   It inflicts extra damage upon your enemies.
   It occasionally summons demons to assist the wielder when it strikes in
   combat.
   Its wielder is mesmerised by any visible foes.
   It cannot be unequipped while any foes are visible.
   SInv:      It lets you see invisible.
   Fly:       It grants you flight.
   Drain:     It drains your maximum health when unequipped.
Armour
 b - a +0 animal skin
 r - the +15 Maxwell's patent armour (worn) {-Cast -Tele rElec Will+ rCorr}
   (You found it in the Dungeon)

   rElec:     It insulates you from electricity.
   -Cast:     It prevents spellcasting.
   -Tele:     It prevents most forms of teleportation.
   rCorr:     It protects you from acid and corrosion.
   Will:      It increases your willpower.
Jewellery
 s - a ring of flight
 t - a +6 ring of dexterity
 u - a +6 ring of dexterity
 v - a +6 ring of intelligence
 w - a +6 ring of intelligence
 x - a +6 ring of strength (left hand)
 y - a +6 ring of strength (right hand)
 E - the amulet of Matemut {RegenMP rF+ Int+3 Dex-4 SInv}
   (You found it in the Dungeon)

   [amulet of magic regeneration]

   It increases your rate of magic regeneration.
   Int:       It affects your intelligence (+3).
   Dex:       It affects your dexterity (-4).
   rF:        It protects you from fire.
   SInv:      It lets you see invisible.
 F - an amulet of guardian spirit
 G - the ring of Heorucw {Fire Will- Str+7 Int+4}
   (You found it in the Dungeon)

   [ring of fire]

   It enhances your fire magic.
   Str:       It affects your strength (+7).
   Int:       It affects your intelligence (+4).
   rF:        It protects you from fire.
   rC:        It makes you vulnerable to cold.
   Will:      It decreases your willpower.
 H - the ring "Bocakhle" {rC+ Slay+4}
   (You found it in the Dungeon)

   [ring of slaying]

   Slay:      It affects your accuracy & damage with ranged weapons and melee
   (+4).
   rC:        It protects you from cold.
 I - the amulet of the Oligarchy {Faith Dex+2}
   (You found it in the Dungeon)

   [amulet of faith]

   It allows you to gain divine favour quickly.
   Dex:       It affects your dexterity (+2).
 K - a +6 ring of dexterity
Wands
 z - a wand of mindburst (7)
 A - a wand of iceblast (7)
 B - a wand of acid (7)
Scrolls
 h - 4 scrolls of blinking
 i - 7 scrolls of fog
 j - a scroll of holy word
 k - 5 scrolls of identify
 l - 2 scrolls of fear
 D - 4 scrolls of amnesia
Potions
 c - 10 potions of curing
 d - 7 potions of heal wounds
 e - 6 potions of haste
 f - 7 potions of magic
 g - 3 potions of berserk rage
 m - 2 potions of invisibility
 n - 4 potions of resistance
 o - a potion of experience
 p - 5 potions of might
 C - 2 potions of brilliance
Miscellaneous
 J - a piece from Xom's chessboard (15/15)
 L - a piece from Xom's chessboard (15/15)


   Skills:
 + Level 17.0 Fighting
 + Level 21.5 Axes
 + Level 14.5 Armour
 + Level 6.8 Dodging


You had 9 spell levels left.
You didn't know any spells.
Your spell library was empty.

Dungeon Overview and Level Annotations

Branches:
Dungeon (1/1)

Altars:
Ashenzari
Cheibriados
Dithmenos
Elyvilon
Fedhas
Gozag
Hepliaklqana
Kikubaaqudgha
Makhleb
Nemelex Xobeh
Okawaru
Qazlal
Ru
Sif Muna
Trog
Uskayaw
Vehumet
Wu Jian
Xom
Yredelemnul
Zin
The Shining One
Beogh
Jiyva
Lugonu

Annotations:
D 1 transporter


Innate Abilities, Weirdness & Mutations

You have a pair of horns on your head.
You reflexively headbutt those who attack you in melee.
Armour fits poorly on your strangely shaped body.


Message History

You slash the fire dragon! You slash the fire elemental!
You slash the fire dragon! The fire elemental barely misses you.
You furiously retaliate!
You headbutt the fire elemental!!
You break out of your daze!
You destroy the fire elemental!
Trog accepts your kill.
The fire dragon bites you but does no damage.
The fire dragon claws you but does no damage.
The fire dragon tramples you.
You are shoved backwards!
The fire dragon closely misses you. The fire dragon misses you.
The fire dragon tramples you but does no damage.
The fire dragon breathes flames at you. The blast of flame hits you!!
The blast of flame hits the hell hog.
The hell hog completely resists.
The efreet hits you but does no damage.
Your Fighting skill increases to level 17!
You chop the fire dragon into pieces!!!
The fire dragon is severely wounded.
You slice the efreet!! You barely miss the hell hog.
You slash the fire dragon! x2
Visions of slaying the hell hog flood into your mind.
The hell hog bites you! The fire dragon bites you.
The fire dragon claws you but does no damage.
The fire dragon tramples you but does no damage.
The fire dragon bites you!
The fire dragon claws you but does no damage.
The fire dragon tramples you but does no damage.
The fire dragon breathes flames at you. The blast of flame hits you!!
* * * LOW HITPOINT WARNING * * *
The blast of flame hits the hell hog.
The hell hog completely resists.
You slice the fire dragon!!
You kill the fire dragon!
Trog accepts your kill.
The fire dragon scales are intact enough to wear.
You barely miss the efreet. You barely miss the hell hog.
You hit the fire dragon but do no damage.
You slice the fire dragon!!
The hell hog bites you but does no damage.
The efreet gestures at you. The bolt of fire hits you!
You die...

▓...8©8...▓...8©8...▓.
▓..))=}[).▓..)).)...▓.
▓..:=[==..▓..[=|}:..▓.
▓.........▓.........▓.
▓....v....▓....))...▓.
▓...°.....▓...)))...▓.
▓...hC.E..▓....)....▓.
▓..▓RhD▓°.▓.........▓.
▓.▓..@D.▓.▓.▓.....▓.▓.
▓....h....▓....©....▓▓
▓▓▓▓▓▓▓▓▓▓▓▓▓▓▓▓▓▓▓▓▓


You could see a fire giant, 2 fire dragons, a hell hog (mesmerising), an efreet,
a fire elemental, a fire vortex and 2 hell hounds.

Vanquished Creatures
  A vault warden (D)
  An ironbound thunderhulk (D)
  A fire dragon (D)
  2 necromancers (D)
  A shining eye (D)
  A vault sentinel (D)
  An eye of devastation (D)
  A komodo dragon (D)
  A slime creature (D)
  A shadow (D)
  2 yaks (D)
  A wyvern (D)
  A fire elemental (D)
  2 golden eyes (D)
  A hell hound (D)
  An orc warrior (D)
  A boggart (D)
  2 wolves (D)
  A necrophage (D)
  2 phantoms (D)
  4 scorpions (D)
  2 bullfrogs (D)
  6 wights (D)
  2 jellies (D)
  An iguana (D)
  A mummy (D)
  2 river rats (D)
  A shadow imp (D)
  An adder zombie (D)
  A bat skeleton (D)
  A bat zombie (D)
  2 endoplasms (D)
  2 jackals (D)
  A ball python skeleton (D)
  2 ball python zombies (D)
  A quokka skeleton (D)
55 creatures vanquished.

Vanquished Creatures (collateral kills)
  A cane toad (D)
  A tarantella (D)
  A vampire (D)
  2 yaks (D)
  A hell hound (D)
  3 orc warriors (D)
  An orc priest (D)
  An orc (D)
11 creatures vanquished.

Grand Total: 66 creatures vanquished

Notes
Turn   | Place    | Note
-------+----------+-------------------------------------------
     0 | D        | ConnorV the Minotaur Berserker began the quest for the Orb.
     0 | D        | Reached XP level 1. HP: 19/19 MP: 0/0
     3 | D        | Found a blossoming altar of Fedhas.
     3 | D        | Found the +6 Majin-Bo {vamp, MP+6 Int+6}
     3 | D        | Found the +9 heavy crossbow "Sniper" {vorpal, Acc+∞ SInv}
     3 | D        | Found the +10 dark maul {vorpal}
     3 | D        | Found the +15 Maxwell's patent armour {-Cast -Tele rElec
                  | Will+ rCorr}
     3 | D        | Found the +18 shield of the Gong {rElec rN+ Will+ EV-5}
     3 | D        | Found the +14 obsidian axe {vorpal, Mesm Drain Fly SInv}
     4 | D        | Found a hazy altar of Hepliaklqana.
     4 | D        | Found a viscous altar of Jiyva.
     4 | D        | Found an opulent altar of Gozag.
     4 | D        | Found a transporter.
     4 | D        | Found an ancient bone altar of Kikubaaqudgha.
     5 | D        | Found a corrupted altar of Lugonu.
     5 | D        | Found the +7 great mace "Firestarter" {inner flame, rF++}
     5 | D        | Found the +6 shillelagh "Devastator" {shatter}
     5 | D        | Found the +11 plutonium sword {Contam Stlth-}
     5 | D        | Found the +8 lance "Wyrmbane" {slay drac, rPois rF+ rC+
                  | AC+3}
     5 | D        | Found the +9 sword of Zonguldrok {reap}
     5 | D        | Found the +13 scythe of Curses {drain, Drain}
     5 | D        | Found the +5 sword of Power {vorpal}
     5 | D        | Found the +7 mace of Variability {chain chaos}
     5 | D        | Found the +7 Singing Sword {vorpal, sonic wave}
     5 | D        | Found the +8 storm bow {elec, penet}
     7 | D        | Found a burning altar of Makhleb.
     8 | D        | Found a sacrificial altar of Ru.
     8 | D        | Found a shimmering blue altar of Sif Muna.
     8 | D        | Found a stormy altar of Qazlal.
     8 | D        | Found a bloodstained altar of Trog.
     8 | D        | Found an iron altar of Okawaru.
     8 | D        | Found a sparkling altar of Nemelex Xobeh.
    86 | D        | Entered arena 2.
    86 | D        | Found a transporter.
    89 | D        | Reached skill level 5 in Axes
    89 | D        | Reached XP level 2. HP: 28/28 MP: 1/1
    91 | D        | Reached skill level 5 in Fighting
    94 | D        | Got the amulet of Matemut {RegenMP rF+ Int+3 Dex-4 SInv}
   105 | D        | Entered arena 3.
   105 | D        | Noticed a bullfrog
   105 | D        | Noticed a bullfrog
   105 | D        | Found a transporter.
   108 | D        | Killed a bullfrog
   108 | D        | Reached ** piety under Trog
   109 | D        | Reached skill level 8 in Axes
   109 | D        | Reached XP level 3. HP: 39/39 MP: 2/2
   109 | D        | Reached XP level 4. HP: 47/47 MP: 3/3
   109 | D        | Killed a bullfrog
   110 | D        | Reached skill level 9 in Axes
   110 | D        | Reached XP level 5. HP: 53/53 MP: 4/4
   122 | D        | Entered arena 4.
   122 | D        | Noticed a hell hound
   122 | D        | Noticed a hell hound
   122 | D        | Found a transporter.
   126 | D        | Reached *** piety under Trog
   127 | D        | Reached skill level 5 in Armour
   127 | D        | Killed a hell hound
   128 | D        | Reached skill level 10 in Axes
   128 | D        | Reached XP level 6. HP: 43/63 MP: 5/5
   128 | D        | Killed a hell hound
   129 | D        | Reached skill level 10 in Fighting
   129 | D        | Reached skill level 11 in Axes
   137 | D        | Got the ring of Heorucw {Fire Will- Str+7 Int+4}
   258 | D        | Entered arena 5.
   258 | D        | Noticed a vault sentinel
   258 | D        | Noticed an ironbound thunderhulk
   258 | D        | Noticed a vault warden
   258 | D        | Found a transporter.
   264 | D        | Killed a vault sentinel
   264 | D        | Reached **** piety under Trog
   265 | D        | Reached skill level 13 in Axes
   265 | D        | Reached skill level 5 in Dodging
   265 | D        | Reached XP level 7. HP: 29/74 MP: 6/6
   268 | D        | Killed a vault warden
   268 | D        | Reached ***** piety under Trog
   268 | D        | Noticed a ynoxinul
   269 | D        | Reached skill level 16 in Axes
   269 | D        | Reached XP level 8. HP: 29/86 MP: 7/7
   287 | D        | Killed an ironbound thunderhulk
   288 | D        | Reached skill level 17 in Axes
   288 | D        | Reached skill level 10 in Armour
   288 | D        | Reached XP level 9. HP: 15/95 MP: 8/8
   609 | D        | Entered arena 6.
   609 | D        | Found a transporter.
   617 | D        | Reached skill level 18 in Axes
   623 | D        | Got the ring "Bocakhle" {rC+ Slay+4}
   631 | D        | Entered arena 7.
   632 | D        | Found a transporter.
   652 | D        | Entered arena 8.
   652 | D        | Noticed a komodo dragon
   653 | D        | Found a transporter.
   655 | D        | Identified the +5 battleaxe "Jaxof" {vorpal, rElec rN+++
                  | Will- Str-4} (Trog gifted it to you in the Dungeon)
   655 | D        | Received a gift from Trog
   657 | D        | Killed a komodo dragon
   658 | D        | Reached skill level 15 in Fighting
   660 | D        | Reached skill level 19 in Axes
   662 | D        | Reached XP level 10. HP: 93/105 MP: 9/9
   846 | D        | Entered arena 9.
   846 | D        | Noticed a cane toad
   847 | D        | Found a transporter.
   853 | D        | Killed a cane toad
   856 | D        | Reached ****** piety under Trog
   857 | D        | Received a gift from Trog
  1066 | D        | Entered arena 10.
  1067 | D        | Found a transporter.
  1077 | D        | Received a gift from Trog
  1078 | D        | Reached skill level 20 in Axes
  1084 | D        | Got the amulet of the Oligarchy {Faith Dex+2}
  1095 | D        | Entered arena 11.
  1095 | D        | Noticed a shining eye
  1095 | D        | Noticed an eye of devastation
  1096 | D        | Found a transporter.
  1101 | D        | Killed an eye of devastation
  1104 | D        | Gained mutation: Armour fits poorly on your strangely
                  | shaped body. [a shining eye]
  1105 | D        | Killed a shining eye
  1126 | D        | Entered arena 12.
  1126 | D        | Noticed a necromancer
  1127 | D        | Noticed a necromancer
  1128 | D        | Found a transporter.
  1130 | D        | Received a gift from Trog
  1133 | D        | Killed a necromancer
  1134 | D        | Reached skill level 21 in Axes
  1136 | D        | Received a gift from Trog
  1138 | D        | Killed a necromancer
  1222 | D        | Entered arena 13.
  1222 | D        | Noticed a hell hog
  1222 | D        | Noticed a fire giant
  1222 | D        | Noticed a fire dragon
  1222 | D        | Noticed a fire dragon
  1222 | D        | Noticed a fire dragon
  1224 | D        | Found a transporter.
  1234 | D        | Killed a fire dragon
  1234 | D        | Killed from afar by an efreet

Illustrated notes

Levels and vault maps discovered:
D:        sprint_v [room_start, room_1, room_2, room_3, room_4, room_5, room_6,
          room_7, room_8, room_9, room_10, room_11, room_12, room_13, room_14,
          room_15, room_16, room_17, room_18, room_19, room_20, room_21,
          room_22, room_23, room_24, room_25, room_26, room_27]

Skill      XL: |  1  2  3  4  5  6  7  8  9 10 |
---------------+-------------------------------+-----
Fighting       | 4 7 8 9 11 13 14 15 17 | 17.0
Axes           | 5 8 9 10 13 16 17 19 21 | 21.5
Armour         | 3 4 5 7 9 10 12 14 | 14.5
Dodging        | 3 4 5 6 |  6.8

Action                   |  1- 3 |  4- 6 |  7- 9 | 10-12 || total
-------------------------+-------+-------+-------+-------++-------
Melee: Broad axe         |     5 |     9 |    20 |    32 ||    66
       Headbutt          |       |     1 |     3 |     6 ||    10
       Punch             |       |     1 |       |       ||     1
Invok: Trog's Hand       |       |       |     1 |     1 ||     2
       Berserk           |       |       |     1 |       ||     1
       Brothers in Arms  |       |       |     1 |       ||     1
  Use: Potion            |       |     1 |     1 |     5 ||     7
Armor: Plate armour      |     9 |    13 |    14 |    57 ||    93
Dodge: Dodged            |     3 |     6 |    17 |    30 ||    56
